 Dungeon Crawl Stone Soup version 0.14-a0-1388-g200237c (webtiles) character file.

398 PolkaDot the Cutter (level 5, 0/41 HPs)
             Began as a Vampire Death Knight on Dec 9, 2013.
             Was a Believer of Yredelemnul.
             Slain by a mummy (7 damage)
             ... in an ossuary.
             The game lasted 00:09:58 (2739 turns).

PolkaDot the Cutter (Vampire Death Knight)          Turns: 2739, Time: 00:09:59

HP   0/41        AC  7     Str 12      XL: 5   Next: 96%
MP   6/6         EV 10     Int 13      God: Yredelemnul [**....]
Gold 137         SH  0     Dex 13      Spells:  0 memorised,  4 levels left

rFire  . . .     SeeInvis +     a - +1 short sword (curse)
rCold  + . .     Clarity  .     b - +0 leather armour (curse)
rNeg   + + .     Conserve .     (no shield)
rPois  +         rCorr    .     (no helmet)
rElec  .         rRot     +     (no cloak)
SustAb . .       Spirit   .     (no gloves)
rMut   .         Warding  .     (no boots)
Saprov . . .     Stasis   .     (no amulet)
                                (no ring)
                                (no ring)

@: regenerating slowly, very slightly contaminated, slightly resistant to
hostile enchantments, very unstealthy
A: fangs 3, rough black scales 1, see invisible, unbreathing
a: Bat Form, Animate Remains, Recall Undead Slaves, Injury Mirror, Renounce
Religion


You were in an ossuary.
You worshipped Yredelemnul.
Yredelemnul was pleased with you.
You were thirsty.

You visited 1 branch of the dungeon, and saw 4 of its levels.
You also visited: Ossuary.

You collected 137 gold pieces.

Inventory:

Hand weapons
 a - a cursed +1,+1 short sword (weapon)
Armour
 b - a cursed +0 leather armour (worn)
Magical devices
 e - a wand of invisibility (0)
 f - a wand of fireball (2)
Scrolls
 c - 3 scrolls of teleportation {unknown}
 g - 2 scrolls of noise {unknown}
 h - 2 scrolls of enchant armour {unknown}
 i - 3 scrolls of remove curse {unknown}
 j - a scroll of fear {unknown}
 k - 2 scrolls of random uselessness {unknown}
 l - 2 scrolls of curse weapon {unknown}
 m - 3 scrolls of identify {unknown}
 n - a scroll of curse armour {unknown}
 p - 2 scrolls of curse jewellery {unknown}
 r - a scroll of amnesia {unknown}


   Skills:
 + Level 3.4 Fighting
 - Level 4.0 Short Blades
 * Level 3.2 Armour
 - Level 1.1 Dodging
 - Level 2.4 Invocations


You had 4 spell levels left.
You didn't know any spells.

Dungeon Overview and Level Annotations

Branches:
Dungeon (4/16)
 Temple: D:4-7

Altars:
Fedhas
Makhleb
Sif Muna
Yredelemnul

Shops:
D:4 +


Innate Abilities, Weirdness & Mutations

You heal slowly.
You have razor-sharp teeth.*
You have supernaturally acute eyesight.
You can survive without breathing.*
You are partially covered in rough black scales (AC +4, Dex -1).*


Message History

The mummy hits you but does no damage.
You hit the mummy.
The mummy is heavily damaged.
You hit the mummy.
The mummy is heavily damaged.
The mummy barely misses you.
You barely miss the mummy. Your bite misses the mummy.
The mummy is heavily damaged.
You hit the mummy but do no damage. Your bite misses the mummy.
The mummy is heavily damaged.
The mummy hits you!
* * * LOW HITPOINT WARNING * * *
You hit the mummy.
The mummy is severely damaged.
You flicker back into view.
You hit the mummy.
The mummy is severely damaged.
The mummy hits you!
You die...
Yredelemnul claims you as an undead slave.

...
......
#....#
#....#
#....#
#....#
#z...#
#....#
#@...#
#Mz..#
#.∩∩.#
######


You could see a mummy, a hobgoblin zombie and a gnoll zombie.

Vanquished Creatures
  A hound (D:4)
  A black bear zombie (D:3)
  A scorpion (D:4)
  Jessica (D:3)
  2 mummies (Ossuary)
  4 adders
  A giant gecko (D:4)
  5 orcs
  15 bats
  5 giant cockroaches
  2 gnoll zombies (Ossuary)
  5 hobgoblins
  2 ball pythons
  3 giant newts
  9 goblins
  6 jackals
  7 kobolds
  A kobold zombie (Ossuary)
  3 rats
  A spectral orc (D:2)
75 creatures vanquished.

Vanquished Creatures (collateral kills)
  An orc wizard (D:4)
  An orc (D:4)
2 creatures vanquished.

Vanquished Creatures (others)
  A giant newt skeleton (D:4)
  2 goblin zombies (D:3)
  2 hobgoblin zombies
  A kobold zombie (D:3)
6 creatures vanquished.

Grand Total: 83 creatures vanquished

Notes
Turn   | Place    | Note
--------------------------------------------------------------
     0 | D:1      | PolkaDot, the Vampire Death Knight, began the quest for the Orb.
     0 | D:1      | Reached XP level 1. HP: 16/16 MP: 1/1
    88 | D:1      | Reached skill level 1 in Armour
    94 | D:1      | Reached XP level 2. HP: 22/22 MP: 2/2
   388 | D:1      | Reached skill level 3 in Short Blades
   530 | D:1      | Acquired Yredelemnul's second power
   697 | D:1      | Reached XP level 3. HP: 27/27 MP: 4/4
   753 | D:2      | Found a basalt altar of Yredelemnul.
   842 | D:2      | Found a deep blue altar of Sif Muna.
  1478 | D:3      | Found a burning altar of Makhleb.
  1499 | D:3      | Gained mutation: You are partially covered in rough black scales (AC +4, Dex -1). [potion of beneficial mutation]
  1509 | D:3      | Reached XP level 4. HP: 27/34 MP: 5/5
  1620 | D:3      | Found a blossoming altar of Fedhas.
  1719 | D:3      | Reached skill level 4 in Short Blades
  2322 | D:3      | Noticed Jessica
  2333 | D:3      | Killed Jessica
  2333 | D:3      | Reached XP level 5. HP: 40/40 MP: 6/6
  2458 | D:4      | Found Straah Esuti's Book Shop.
  2676 | D:4      | Found a sand-covered staircase.
  2691 | Ossuary  | Entered an ossuary
  2739 | Ossuary  | Slain by a mummy

Action                   |  1- 3 |  4- 6 || total
-------------------------+-------+-------++-------
Melee: Short sword       |   154 |   181 ||   335
Invok: Animate Remains   |    10 |     9 ||    19
Evoke: Wand              |       |     3 ||     3
  Use: Potion            |     7 |     1 ||     8
       Scroll            |       |     1 ||     1
 Stab: Invisible         |       |     4 ||     4
